 Dungeon Crawl Stone Soup version 0.26.1-2-gb8aa6d0cf2 (console) character file.

Game seed: 9652374115854759078

46 om the Chiller (level 3, -4/19 HPs)
             Began as a Deep Elf Ice Elementalist on Feb 19, 2021.
             Slain by a gnoll
             ... wielding a +0 halberd
              (9 damage)
             ... on level 1 of the Dungeon.
             The game lasted 00:02:46 (1159 turns).

om the Chiller (Deep Elf Ice Elementalist)          Turns: 1159, Time: 00:02:47

Health: -4/19      AC:  4    Str:  6    XL:     3   Next: 46%
Magic:  4/10       EV: 14    Int: 22    God:
Gold:   84         SH:  0    Dex: 15    Spells: 5/9 levels left

rFire    . . .     SeeInvis .   c - +0 dagger
rCold    . . .     Faith    .   (no shield)
rNeg     . . .     Spirit   .   a - +0 robe
rPois    .         Reflect  .   e - +1 helmet {Int+3}
rElec    .         Harm     .   (no cloak)
rCorr    .         Rampage  .   (no gloves)
Will     .....                  (no boots)
Stlth    ++........             (no amulet)
HPRegen  0.06/turn              h - ring of flight
MPRegen  0.12/turn              (no ring)

@: frozen ramparts
A: no striking features
a: Evoke Flight


You were on level 1 of the Dungeon.
You visited 1 branch of the dungeon, and saw 1 of its levels.

You collected 84 gold pieces.

Inventory:

Hand Weapons
 c - a +0 dagger (weapon)
Armour
 a - a +0 robe (worn)
 e - a +1 helmet of intelligence (worn)
Jewellery
 h - a ring of flight (left hand)
Scrolls
 b - a scroll of enchant armour {unknown}
 f - a scroll of teleportation {unknown}
 g - a scroll of enchant weapon {unknown}
 i - a scroll of blinking {unknown}
Potions
 d - a potion of degeneration {unknown}


   Skills:
 * Level 3.6 Dodging
 - Level 3.0 Stealth
 + Level 3.5 Spellcasting
 + Level 4.7 Ice Magic


You had 5 spell levels left.
You knew the following spells:

 Your Spells              Type           Power        Failure   Level
a - Freeze                Ice            96%          1%          1
b - Frozen Ramparts       Ice            48%          4%          3

Your spell library contained the following spells:

 Spells                   Type           Power        Failure   Level
 Ozocubu's Armour         Ice            24%          4%          3
 Hailstorm                Conj/Ice       14%          41%         4
 Summon Ice Beast         Ice/Summ       14%          41%         4


Dungeon Overview and Level Annotations

Branches:
Dungeon (1/15)

Altars:


Message History

Press: ? - help, Dir - look around, f - activate The walls around you are covered in ice.
The wall freezes the gnoll.
The gnoll hits you from afar with a +0 halberd!
Ouch! That really hurt!
* * * LOW HITPOINT WARNING * * *
The wall freezes the gnoll.
The gnoll misses you.
Your frozen ramparts will break if you move.
Continue?
Uppercase [Y]es or [N]o only, please.
Your frozen ramparts will break if you move.
Continue?
The frozen ramparts melt away as you move.
Casting: Frozen Ramparts (quite dangerous; 4% risk of failure)
Confirm with . or Enter, or press ? or * to list all spells.
The spell is quite dangerous to cast (4% risk of failure)!
Continue anyway?
Casting: Frozen Ramparts (quite dangerous; 4% risk of failure)
Press: ? - help, Dir - look around, f - activate The walls around you are covered in ice.
The wall freezes the gnoll.
The gnoll hits you from afar with a +0 halberd!
You die...

..#...##..###................#...
..#.#....####.#(.......#.........
..#..##..###..##..####.......#...
####.##...##.###.................
# #.#..#....###.##.##.......#...
# #(..####.......#..............
# ##.)........##.##.........#...
####...##..........#.........#...
.##....##.....##.#...........#...
......###...........#..>.....##..
....#.##.>......@.#..........##..
#...#..........##..##........##..
....#...#......###g.#............
....#.#.#.....#####.#.##.######..
.....(#รท#........##...##.## #..
.....##...........##......# #..
.....#................##...# ###
...................##......#
..............###.#######...#
.#...#..........(.. .#
##..................


You could see a gnoll.

Vanquished Creatures
  2 oozes (D:1)
  2 dart slugs (D:1)
  A leopard gecko (D:1)
  3 bats (D:1)
  A giant cockroach (D:1)
  2 goblins (D:1)
  A hobgoblin (D:1)
  8 jackals (D:1)
  4 frilled lizards (D:1)
  2 kobolds (D:1)
  6 rats (D:1)
32 creatures vanquished.

Notes
Turn   | Place    | Note
-------+----------+-------------------------------------------
     0 | D:1      | om the Deep Elf Ice Elementalist began the quest for the
                  | Orb.
     0 | D:1      | Reached XP level 1. HP: 10/10 MP: 6/6
    70 | D:1      | Reached XP level 2. HP: 12/15 MP: 2/8
   400 | D:1      | Reached XP level 3. HP: 8/19 MP: 0/9
   900 | D:1      | Learned a level 3 spell: Frozen Ramparts
  1159 | D:1      | Slain by a gnoll

Illustrated notes

Levels and vault maps discovered:
D:1:      dpeg_arrival_windows_large_door, layout_rooms

Skill      XL: |  1  2 |
---------------+-------+-----
Dodging        | 3 |  3.6
Stealth        | 3 |  3.0
Spellcasting   | |  3.5
Ice Magic      | |  4.7

Action                   || total
-------------------------++-------
Melee: Dagger            ||    33
 Cast: Freeze            ||    36
       Frozen Ramparts   ||     2
 Stab: Sleeping          ||     4
Armor: Robe              ||    18
Dodge: Dodged            ||    40
